 Dungeon Crawl Stone Soup version 0.31-a0-435-g2c6fae2916 (webtiles) character file.

Game seed: 7752563567832887111

21 Xavori the Trooper (level 3, 30/30 HPs)
             Began as a Djinni Chaos Knight on Aug 1, 2023.
             Was a Plaything of Xom.
             Quit the game on level 2 of the Dungeon.
             The game lasted 00:01:13 (10991 turns).

Xavori the Trooper (Djinni Chaos Knight)           Turns: 10991, Time: 00:01:14

Health: 30/30      AC:  5    Str: 12    XL:     3   Next: 5%
Gold:   494        EV: 12    Int: 10    God:    Xom [.*....] SH:  0 Dex: 16

rFire   + + .        a - +0 falchion (chaos)
rCold   x . .        (no shield)
rNeg    . . .        b - +2 leather armour
rPois   ∞            (helmet restricted)
rElec   .            (no cloak)
rCorr   .            (no gloves)
SInv    .            (boots unavailable)
Will    +....        (no amulet)
Stlth   +            (no ring)
HPRegen 0.25/turn    (no ring)
MPRegen 0.00/turn

%: clarity
@: flying, bezotted
A: sickness immunity, fire resistance 2, cold vulnerability 1, float, innate
caster, HP casting, extra vitality 1, horns 1, agile 1, clarity, dopey 1,
strong-willed 1, sense surroundings 1
a: Renounce Religion


You were on level 2 of the Dungeon.
You worshipped Xom.
You were a plaything of Xom.
You visited 1 branch of the dungeon, and saw 2 of its levels.

You collected 494 gold pieces.

Inventory:

Hand Weapons
 a - a +0 falchion of chaos (weapon)
Armour
 b - a +2 leather armour (worn)
Scrolls
 c - a scroll of butterflies
 f - a scroll of enchant armour {unknown}
 g - a scroll of fear {unknown}
 h - a scroll of poison {unknown}
 i - a scroll of teleportation
 j - a scroll of fog {unknown}
Potions
 d - a potion of lignification {unknown}
 e - a potion of curing {unknown}


   Skills:
 + Level 3.3 Fighting
 + Level 3.1 Long Blades
 + Level 1.0 Armour
 + Level 2.4 Dodging


You knew the following spells:

 Your Spells              Type           Power      Damage    Failure   Level
a - Foxfire               Conj/Fire      0%         2x1d4     43%         1
Your spell library was empty.

Dungeon Overview and Level Annotations

Branches:
Dungeon (2/15) Zot: 996

Altars:


Innate Abilities, Weirdness & Mutations

You are immune to sickness and miasma.
You are immune to poison.
Your flesh is very heat resistant. (rF++)
You are vulnerable to cold. (rC-)
You float through the air rather than walking.
You learn spells naturally, not from books.
Your magical power is your life essence.
You have superior vitality. (+4 MHP)
You have a pair of small horns on your head.
You are agile. (Dex +4, Str/Int -1)
You possess an exceptional clarity of mind.
You are dopey. (Int -2)
You are strong-willed. (Will+)
You passively map a small area around you.


Message History

Something appears before you!
You see here a +0 scale mail.
You are now a plaything of Xom.
There is a stone staircase leading up here.
You see here a +0 scale mail.
You start waiting.
Done waiting.
You start waiting.
Done waiting.
You fly upwards.
There is a stone staircase leading down here.
You start waiting.
Done waiting.
You start waiting.
Done waiting.
You start waiting.
Done waiting.
You start waiting.
You have lingered too long.
Zot senses you.
Dive deeper or flee this branch before you suffer!
You fly downwards.
There is a stone staircase leading up here.
You see here a +0 scale mail.
Really explore while Zot is near? [Y]es or [N]o only, please.
Really explore while Zot is near? [Y]es or [N]o only, please.
Really explore while Zot is near? [Y]es or [N]o only, please.
Really explore while Zot is near? [Y]es or [N]o only, please.
Really explore while Zot is near? [Y]es or [N]o only, please.
Really explore while Zot is near? [Y]es or [N]o only, please.
Really explore while Zot is near? [Y]es or [N]o only, please.
Really explore while Zot is near? [Y]es or [N]o only, please.
Really explore while Zot is near?
Okay, then.
Are you sure you want to abandon this character and quit the game? (Confirm with "yes".)

..... ,
* ,
..?. ,
, ...
** ..*
,.###**
* #!. *
, #.##,
* #.@#
* ####
, * * ,
, , * ,
, ** *
, , * *
, , ,


There were no monsters in sight!

Vanquished Creatures
  2 ball pythons (D:1)
  An endoplasm (D:1)
  2 giant cockroaches (D:1)
  2 goblins (D:1)
  2 hobgoblins (D:1)
  2 jackals (D:1)
  3 kobolds (D:1)
  2 bats (D:1)
  3 rats (D:1)
19 creatures vanquished.

Notes
Turn   | Place    | Note
-------+----------+-------------------------------------------
     0 | D:1      | Xavori the Djinni Chaos Knight began the quest for the Orb.
     0 | D:1      | Reached XP level 1. HP: 20/20 MP: 0/0
    41 | D:1      | XOM: silly message
    79 | D:1      | XOM: divination: magic mapping
   149 | D:1      | Found a faded altar of an unknown god.
   237 | D:1      | XOM: divination: magic mapping
   255 | D:1      | Reached XP level 2. HP: 22/25 MP: 0/0
   320 | D:1      | XOM: silly message
   711 | D:1      | Reached XP level 3. HP: 30/30 MP: 0/0
   711 | D:1      | Learned a level 1 spell: Foxfire
   829 | D:1      | XOM: 1-stop teleportation journey
  3422 | D:1      | XOM: god gift: scroll labelled QEOHIAZXA {god gift}
  3551 | D:1      | XOM: god gift: 27 gold pieces
  3938 | D:1      | XOM: god gift: 51 gold pieces
  4333 | D:1      | XOM: silly message
  4725 | D:1      | XOM: silly message
  5387 | D:1      | XOM is BORED!
  5387 | D:1      | XOM: noise
  5426 | D:1      | XOM: divination: detect items
  6201 | D:1      | XOM: god gift: 354 gold pieces
  6326 | D:1      | XOM: give mutations
  6326 | D:1      | Gained mutation: Your spells are a little harder to cast,
                  | but a little more powerful. [Xom's grace]
  6723 | D:1      | XOM is BORED!
  6723 | D:1      | XOM: give mutations
  6723 | D:1      | Gained mutation: You are strong-willed. (Will+) [Xom's
                  | mischief]
  6723 | D:1      | Gained mutation: You are dopey. (Int -2) [Xom's mischief]
  6723 | D:1      | Lost mutation: Your spells are a little harder to cast, but
                  | a little more powerful. [Xom's mischief]
  7438 | D:1      | XOM: scenery: 2 doors close
  7664 | D:1      | XOM: cloud trail
  7777 | D:1      | XOM: divination: detect items
  8783 | D:1      | XOM: give mutations
  8783 | D:1      | Gained mutation: You passively map a small area around you.
                  | [Xom's mischief]
  8783 | D:1      | Gained mutation: You have a pair of small horns on your
                  | head. [Xom's mischief]
  9371 | D:1      | XOM: give mutations
  9371 | D:1      | Gained mutation: You possess an exceptional clarity of
                  | mind. [Xom's grace]
  9371 | D:1      | Gained mutation: You are agile. (Dex +4, Str/Int -1) [Xom's
                  | grace]
  9396 | D:1      | XOM: scenery: 2 doors open
  9485 | D:1      | XOM: scenery: 2 doors close
  9758 | D:1      | XOM: scenery: 2 doors open
 10136 | D:1      | XOM: scenery: 2 doors close
 10326 | D:1      | XOM is BORED!
 10326 | D:1      | XOM: summons 4 hostile shadow creatures
 10403 | D:2      | XOM: god gift: scale mail {god gift}
 10988 | D:1      | Glimpsed the power of Zot.
 10991 | D:2      | Quit the game

Illustrated notes

Levels and vault maps discovered:
D:1:      lightli_molten_gateway, layout_loops_corners,
          chequers_ecumenical_altar_island, minmay_split_cup_small
D:2:      layout_basic

Skill      XL: |  1  2 |
---------------+-------+-----
Long Blades    | 3 |  3.1
Fighting       | |  3.3
Armour         | |  1.0
Dodging        | |  2.4

Action                     || total
---------------------------++-------
  Melee: Falchion          ||    62
         Punch             ||     1
    Use: Scroll            ||     1
   Stab: Paralysed         ||     1
 Armour: Leather armour    ||    29
  Dodge: Dodged            ||    36

Table legend: (Time is in decaauts)
 A = Elapsed time spent in this place.
 B = Non-inter-level travel time spent in this place.
 C = Inter-level travel time spent in this place.
 D = Time resting spent in this place.
 E = Time spent auto-exploring this place.
 F = Levels seen in this place.
 G = Mean time per level.
                   A        B        C        D        E       F      G
               +--------+--------+--------+--------+--------+-----+--------+
         Total |  11003 |  10928 |     75 |  10082 |    684 |   2 | 5501.5 |
       Dungeon |  11003 |  10928 |     75 |  10082 |    684 |   2 | 5501.5 |
               +--------+--------+--------+--------+--------+-----+--------+

Top non-repeatable levels by time:
     D:1: 10618 daAuts
     D:2: 384 daAuts
